 Dungeon Crawl Stone Soup version 0.24-a0-769-g368c1644f8 (webtiles) character file.

Game seed: 11559276379287228834, levelgen mode: deterministic

697 Peloso the Shield-Bearer (level 7, -28/61 HPs)
             Began as a Minotaur Fighter on Oct 4, 2019.
             Was an Initiate of Gozag.
             Blown up by Pikel (31 damage)
             ... with a disintegration bolt
             ... on level 4 of the Dungeon.
             The game lasted 00:09:13 (3851 turns).

Peloso the Shield-Bearer (Minotaur Fighter)         Turns: 3851, Time: 00:09:14

Health: -28/61     AC: 14    Str: 21    XL:     7   Next: 37%
Magic:  0/6        EV:  6    Int:  5    God:    Gozag
Gold:   186        SH: 10    Dex: 11    Spells: 6/6 levels left

rFire    + . .     SeeInvis .   a - +5 falchion (holy)
rCold    . . .     Gourm    .   c - +0 shield
rNeg     + . .     Faith    .   b - +1 chain mail {rN+}
rPois    .         Spirit   +   (helmet restricted)
rElec    .         Reflect  .   u - +2 cloak
rCorr    .         Harm     .   (no gloves)
MR       .....                  (no boots)
Stlth    ..........             g - amulet of guardian spirit
HPRegen  0.20/turn              v - ring of protection from fire
MPRegen  0.10/turn              (no ring)

@: no status effects
A: retaliatory headbutt, horns 2
a: Potion Petition, Call Merchant, Bribe Branch, Renounce Religion


You were on level 4 of the Dungeon.
You worshipped Gozag.
Gozag was aware of your devotion.
You were near starving.

You visited 2 branches of the dungeon, and saw 5 of its levels.

You collected 233 gold pieces.
You paid 47 gold pieces to Gozag.

Inventory:

Hand Weapons
 a - a +5 falchion of holy wrath (weapon)
 p - a +2 hand axe of flaming
Armour
 b - a +1 chain mail of positive energy (worn)
 c - a +0 shield (worn)
 u - a +2 cloak (worn)
Jewellery
 g - an amulet of guardian spirit (around neck)
 s - an uncursed ring of positive energy
 v - a ring of protection from fire (left hand)
Wands
 q - a wand of paralysis (12)
Scrolls
 h - 2 scrolls of immolation {unknown}
 i - a scroll of blinking {unknown}
 j - 5 scrolls of remove curse {unknown}
 o - 2 scrolls of teleportation {unknown}
 r - a scroll of noise {unknown}
Potions
 d - a potion of might
 e - 2 potions of haste
 l - 5 potions of curing
 m - a potion of ambrosia
 n - a potion of brilliance
 t - a potion of magic
Comestibles
 f - 11 rations


   Skills:
 + Level 5.1 Fighting
 + Level 5.9 Long Blades
 + Level 5.6 Armour
 + Level 1.3 Dodging
 + Level 0.8 Stealth
 + Level 6.3 Shields


You had 6 spell levels left.
You didn't know any spells.
Your spell library contained the following spells:

 Spells                   Type           Power        Failure   Level  Hunger
 Sandblast                Erth           #.....       100%        1    ##.....
 Passwall                 Tmut/Erth      #.......     100%        2    ###....
 Stone Arrow              Conj/Erth      #.....       100%        3    ####...
 Petrify                  Tmut/Erth      #.......     100%        4    #####..
 Lee's Rapid Deconstruct  Erth           #.........   100%        5    ######.


Dungeon Overview and Level Annotations

Branches:
Dungeon (4/15)             Temple (1/1) D:4

Altars:
Ashenzari
Cheibriados
Elyvilon
Fedhas
Gozag
Hepliaklqana
Makhleb
Nemelex Xobeh
Qazlal
Vehumet
Wu Jian
The Shining One

Annotations:
D:3 2 transporters, Gargoyl's ghost, amateur CeAK
D:4 Pikel


Innate Abilities, Weirdness & Mutations

You reflexively headbutt those who attack you in melee.
You have a pair of horns on your head.


Message History

Pikel hits you but does no damage.
Your chain mail prevents you from hitting Pikel.
Pikel is lightly wounded.
Pikel hits you but does no damage.
You closely miss Pikel. You headbutt Pikel!
Pikel is heavily wounded.
Pikel hits you but does no damage.
You slash Pikel! You headbutt Pikel, but do no damage.
Pikel is severely wounded.
Pikel hits you with a +1 whip of freezing.
Pikel freezes you.
You slash Pikel! You headbutt Pikel, but do no damage.
Pikel is almost dead.
Pikel zaps a wand.
You are blasted!
* * * LOW HITPOINT WARNING * * *
You barely miss Pikel. You headbutt Pikel, but do no damage.
Pikel is almost dead.
Pikel zaps a wand.
You struggle to resist.
Pikel zaps a wand.
You are blasted!
Ouch! That really hurt!
You die...

.................#....#......###.
##+######+####+####+###.......#..
........................#..
.....................#.....
.....................#.....
.....................#.....
......<........>.......####
..##########'#########.. .
....ppK@...# #.. ....pp#....#
..... #....# .... #....# ###
#...## #####


You could see Pikel and 4 slaves.

Vanquished Creatures
  Sigmund (D:3)
  A crimson imp (D:2)
  A hound (D:4)
  2 orc wizards
  An orc priest (D:4)
  Jessica (D:3)
  Crazy Yiuf (D:3)
  A worker ant (D:4)
  A hound skeleton (D:4)
  Robin (D:3)
  11 gnolls
  A howler monkey skeleton (D:4)
  5 adders
  An ooze (D:1)
  2 worms (D:4)
  2 dart slugs
  4 leopard geckos
  16 orcs
  2 ball pythons
  5 giant cockroaches
  15 goblins
  5 hobgoblins
  8 jackals (D:3)
  A quokka (D:4)
  8 bats
  3 frilled lizards
  11 kobolds
  15 rats
126 creatures vanquished.

Vanquished Creatures (others)
  A goblin (D:2)
1 creature vanquished.

Grand Total: 127 creatures vanquished

Notes
Turn   | Place    | Note
-------+----------+-------------------------------------------
     0 | D:1      | Peloso the Minotaur Fighter began the quest for the Orb.
     0 | D:1      | Reached XP level 1. HP: 19/19 MP: 0/0
    65 | D:1      | Reached XP level 2. HP: 15/27 MP: 1/1
   325 | D:1      | Reached XP level 3. HP: 33/33 MP: 2/2
   374 | D:1      | Reached skill level 4 in Shields
   860 | D:2      | Reached skill level 1 in Dodging
  1009 | D:2      | Reached XP level 4. HP: 36/40 MP: 3/3
  1018 | D:2      | Found a blossoming altar of Fedhas.
  1496 | D:2      | Found a hazy altar of Hepliaklqana.
  1744 | D:3      | Found a transporter.
  1748 | D:3      | Noticed Jessica
  1756 | D:2      | Reached XP level 5. HP: 47/47 MP: 4/4
  2086 | D:3      | Killed Jessica
  2164 | D:3      | Noticed Gargoyl's ghost (amateur CeAK)
  2187 | D:3      | Reached skill level 5 in Shields
  2193 | D:3      | Reached skill level 5 in Long Blades
  2217 | D:3      | Reached XP level 6. HP: 31/53 MP: 3/5
  2241 | D:3      | Noticed Robin
  2566 | D:3      | Killed Robin
  2617 | D:3      | Found a transporter.
  2670 | D:3      | Noticed Sigmund
  2678 | D:3      | Killed Sigmund
  2678 | D:3      | Reached skill level 5 in Armour
  2769 | D:3      | Found a runed translucent door.
  2770 | D:3      | Noticed Crazy Yiuf
  3237 | D:3      | Killed Crazy Yiuf
  3237 | D:3      | Reached skill level 6 in Shields
  3237 | D:3      | Reached XP level 7. HP: 51/60 MP: 0/6
  3448 | D:4      | Found a staircase to the Ecumenical Temple.
  3460 | Temple   | Entered the Ecumenical Temple
  3573 | Temple   | Became a worshipper of Gozag Ym Sagoz the Greedy
  3596 | D:4      | Reached skill level 5 in Fighting
  3683 | D:4      | Found a shattered altar of Ashenzari.
  3843 | D:4      | Noticed Pikel
  3850 | D:4      | HP: 2/61 [disintegration (22)]
  3851 | D:4      | Blown up by Pikel

Levels and vault maps discovered:
D:1:      grunt_arrival_lava_bath, layout_loops_cross, minmay_tetromino_i4
D:2:      layout_basic, lemuel_round_altar, marbit_many_paths, first_ration,
          roderic_roman_lattice
D:3:      layout_rooms, gammafunk_ghost_stat_death, minmay_misc_feat_hallway,
          uniq_robin, uniq_jessica, uniq_sigmund, uniq_crazy_yiuf_cottage
D:4:      layout_gridville, lemuel_crystal_altar, evilmike_ruin_ashenzari,
          minmay_temple_entry_tees, uniq_eustachio, uniq_pikel
Temple:   nicolae_temple_figure_zero

Skill      XL: |  1  2  3  4  5  6  7 |
---------------+----------------------+-----
Fighting       | 4 5 |  5.1
Long Blades    | 3 4 5 |  5.9
Shields        | 4 5 6 |  6.3
Armour         | 4 5 |  5.6
Dodging        | 1 |  1.3
Stealth        | |  0.8

Action                   |  1- 3 |  4- 6 |  7- 9 || total
-------------------------+-------+-------+-------++-------
Melee: Long sword        |    90 |   155 |       ||   245
       Headbutt          |    13 |    27 |    18 ||    58
       Falchion          |       |    26 |    48 ||    74
  Use: Scroll            |     2 |       |     5 ||     7
  Eat: Chunk             |       |     7 |     1 ||     8
Armor: Scale mail        |    12 |       |       ||    12
       Chain mail        |    33 |   120 |     8 ||   161
Dodge: Dodged            |    27 |    62 |     6 ||    95
Block: Shield            |    47 |   142 |    14 ||   203
       Rpst.: Long sword |     6 |    13 |       ||    19
       Falchion          |       |     1 |     1 ||     2

Table legend:
 A = Non-vault XP
 B = Vault XP
 C = Vault XP percentage of total XP
 D = Non-vault monster count
 E = Vault monster count
 F = Vault count percentage of total count
                 A         B        C        D         E       F
            +---------+---------+-------+---------+---------+-------
      Total |     672 |     324 |  32.5 |     108 |      19 |  15.0
            +---------+---------+-------+---------+---------+-------
        D:1 |      61 |       3 |   4.7 |      28 |       3 |   9.7
        D:2 |     214 |      14 |   6.1 |      33 |       8 |  19.5
        D:3 |     159 |     307 |  65.9 |      28 |       8 |  22.2
        D:4 |     238 |       0 |   0.0 |      19 |       0 |   0.0
            +---------+---------+-------+---------+---------+-------
